Meike, neutral female human Wizard --- ---.--- .-- |....(--.....- |...).......... ----.%)......... --..%*)........ |.....)......^. ---- |.............. ....-----.--.---<.... ......-- ------ ---.... |..........-- --.... --a..........--- |..... -@a...... ......| ---..... ..|...... --...--- --..... .---..... --...|.- --.*... ---... --..... |...... ---.------.......| |...... -...--........--------...-- |.(........................ ---.-----.---------------- --- --- Meike the Thaumaturge Experience level: 6 Strength: 12 Dexterity: 18 Constitution: 12 Intelligence: 18 Wisdom: 11 Charisma: 9 Health: 0(39) Energy: 49(52) Def: 5 Gold: 454 Moves: 2921 Dungeon seed: JT9Q4GwOE0M-7Im3 Game ID: Meike_1537441030 Your Inventory: Coins $ - 454 gold pieces Weapons a - a blessed +1 quarterstaff (weapon in hands) o - 7 +1 darts t - 5 +0 darts A - a +0 dagger D - a cursed +0 dwarvish short sword E - a +0 sling H - 9 +0 shuriken K - a +0 orcish dagger W - a cursed -2 crossbow X - 6 +0 crossbow bolts Armor e - an uncursed +0 cloak of magic resistance (being worn) r - an uncursed +0 dwarvish cloak y - an uncursed +0 pair of iron shoes z - a cursed -1 pair of gauntlets of fumbling G - an uncursed +0 dwarvish iron helm L - an uncursed +0 dwarvish cloak N - a blessed +3 pair of elven boots (being worn) O - an uncursed +0 pair of iron shoes R - an uncursed +0 pair of iron shoes S - an uncursed +0 dwarvish cloak T - a blessed +0 pair of iron shoes Comestibles q - 2 uncursed tins of golden naga hatchling meat Scrolls i - an uncursed scroll of magic mapping j - an uncursed scroll of destroy armor k - an uncursed scroll of punishment u - an uncursed scroll of identify x - an uncursed scroll of light J - an uncursed scroll of food detection Spellbooks l - a blessed spellbook of force bolt m - an uncursed spellbook of magic missile Potions f - a blessed potion of fruit juice g - an uncursed potion of healing h - an uncursed potion of paralysis w - an uncursed potion of extra healing B - 2 uncursed potions of levitation F - an uncursed potion of water V - an uncursed potion of speed Rings c - an uncursed ring of see invisible (on left hand) d - an uncursed +1 ring of gain strength (on right hand) Wands b - a wand of undead turning (0:7) C - a wand of create monster (0:12) I - a wand of striking (0:7) M - a wand of create monster (0:11) Q - a wand of magic missile (0:4) Tools n - an uncursed blindfold s - a magic harp (0:6) v - an uncursed partly used tallow candle (lit) (0:147) P - 5 uncursed tallow candles (0:200) U - an uncursed stethoscope Spells and supernatural/magical abilities: Name Level Category Fail Memory a - force bolt 1 attack 0% 86% m - magic missile 2 attack 0% 86% W - pray for help -- divine ? -- Your skills at the end: Fighting Skills Weapon Skills quarterstaff [Skilled] Spellcasting Skills attack spells [Basic] enchantment spells [Basic] Final Attributes: You were piously aligned. You were magic-protected. You saw invisible. You were telepathic. You were stealthy. You are dead. Vanquished creatures: a brown pudding 2 gnome lords 3 elf zombies 2 floating eyes a kitten 6 dwarves an orc zombie a hobbit a brown mold a yellow mold a red mold 18 gnomes a garter snake a gnome zombie 2 geckos a kobold 4 goblins 6 grid bugs 5 lichens 4 newts 62 creatures vanquished. Voluntary challenges: You used a wielded weapon 68 times, starting on turn 142. You were illiterate. You never genocided any monsters. You never polymorphed an object. You never changed form. You used no wishes. You never split a pudding. You never wrote Elbereth's name. You never violated your personal moral code. Dungeon overview: The Dungeons of Doom: levels 1 to 5 Level 1 some fountains a long staircase Level 2 an altar to Ptah Level 3 an altar to Anhur Level 4 a general store, some fountains stairs to The Gnomish Mines Level 5 a fountain The Gnomish Mines: levels 5 to 7 Level 5 stairs to The Dungeons of Doom Level 6 Level 7 <- You were here History has recorded: On T:1 you entered the Dungeons of Doom to retrieve the Amulet of Yendor! On T:294 you reached level 2 of The Dungeons of Doom. On T:449 you advanced to experience level 2. On T:703 you reached level 3 of The Dungeons of Doom. On T:851 you advanced to experience level 3. On T:1009 you reached level 4 of The Dungeons of Doom. On T:1569 you reached level 5 of The Dungeons of Doom. On T:1922 you reached level 1 of The Gnomish Mines. On T:1996 you reached level 2 of The Gnomish Mines. On T:2002 you advanced to experience level 4. On T:2359 you advanced to experience level 5. On T:2666 you reached level 3 of The Gnomish Mines. On T:2827 you advanced to experience level 6. Score breakdown: Gold: 454 ( 9041 points) Experience: 6 levels (12456 points) Exploration: 7 levels ( 13.46%) (10289 points) Discoveries: 6 items ( 2.09%) ( 4337 points) Valuables value: (no points given unless you survive) Artifact value: 0 ( 0 points) Variety of kills: 20 monsters ( 5.25%) ( 6873 points) Turncount: 2921 turns ( -560 points) Survival: died (score multiplied by 80%) Total score: 33948 Latest messages: You miss the killer bee. The killer bee stings! The killer bee just misses! The leprechaun misses the killer bee. The killer bee stings! (2x) The leprechaun misses the killer bee. The magic missile hits the killer bee. The killer bee just misses! The killer bee stings! The leprechaun hits the killer bee. The killer bee stings the leprechaun. The killer bee misses. The killer bee stings! The killer bee just misses! The killer bee stings! You begin praying to Thoth. You are surrounded by a shimmering light. The killer bee starts to attack you, but pulls back. (8x) You feel that Thoth is well-pleased. The killer bee stings! (3x) You die... Final status: Goodbye Meike the Wizard, killed by a killer bee... You died in The Gnomish Mines on dungeon level 7 with 33948 points, and 454 pieces of gold, after 2921 moves. You were level 6 with a maximum of 39 hit points when you died.